 Dungeon Crawl Stone Soup version 0.28.0 (webtiles) character file.

Game seed: 8956625022053044545

1981 themarg the Fighter (level 9, -6/69 HPs)
             Began as a Gnoll Wanderer on Feb 6, 2022.
             Was a Follower of Hepliaklqana.
             Mangled by a vampire mosquito (8 damage)
             ... on level 7 of the Dungeon.
             The game lasted 00:42:18 (7937 turns).

themarg the Fighter (Gnoll Wanderer)                Turns: 7937, Time: 00:42:19

Health: -6/69      AC: 10    Str: 14    XL:     9   Next: 20%
Magic:  15/15      EV: 13    Int: 11    God:    Hepliaklqana [*.....]
Gold:   49         SH:  0    Dex: 21    Spells: 16/16 levels left

rFire   . . .      SeeInvis .   z - +5 falchion of Wu Jian's Generosity {vorpal, Fragile Dex+7}
rCold   . . .      Faith    .   (no shield)
rNeg    . . .      Spirit   .   l - +0 ring mail
rPois   .          Reflect  .   x - +0 helmet
rElec   .          Harm     .   p - +0 cloak
rCorr   .          Rampage  .   D - +0 pair of gloves
Will    .....                   (no boots)
Stlth   ++........              (no amulet)
HPRegen 0.21/turn               (no ring)
MPRegen 0.14/turn               (no ring)

@: hasted, very quick
A: reduced essence, fangs 1, strong nose, distributed training
a: Renounce Religion, Recall Ancestor, Ancestor Identity


You were on level 7 of the Dungeon.
You worshipped Hepliaklqana.
Hepliaklqana was aware of your devotion.
You visited 2 branches of the dungeon, and saw 8 of its levels.

You collected 281 gold pieces.
You spent 232 gold pieces at shops.

Inventory:

Hand Weapons
 a - a +3 short sword
 c - a +1 vorpal hand axe
 z - the +5 falchion of Wu Jian's Generosity (weapon) {vorpal, Fragile Dex+7}
   (You bought it in a shop on level 6 of the Dungeon)

   It inflicts extra damage upon your enemies.
   Dex:       It affects your dexterity (+7).
   Fragile:   It will be destroyed if unequipped.
 E - a +0 short sword of venom
 F - a +4 dagger of venom
 H - a +3 great sword
Missiles
 b - 19 poisoned darts (quivered)
 k - 3 javelins
Armour
 i - a +0 pair of gloves
 l - a +0 ring mail (worn)
 p - a +0 cloak (worn)
 v - a +0 hat
 x - a +0 helmet (worn)
 y - a +0 chain mail
 B - an orb of light
 D - a +0 pair of gloves (worn)
Wands
 r - a wand of paralysis (3)
 G - a wand of iceblast (4)
 I - a wand of charming (12)
Scrolls
 f - 2 scrolls of identify {unknown}
 j - a scroll of fog {unknown}
 m - a scroll of torment {unknown}
 n - a scroll of teleportation {unknown}
 o - 2 scrolls of noise
 q - a scroll of fear {unknown}
 u - a scroll of immolation {unknown}
 w - a scroll of amnesia {unknown}
 A - a scroll of magic mapping {unknown}
Potions
 d - a potion of mutation {unknown}
 e - a potion of curing
 g - a potion of brilliance {unknown}
 s - a potion of invisibility {unknown}
 t - a potion of lignification {unknown}
 C - a potion of heal wounds {unknown}
 J - a potion of attraction {unknown}


   Skills:
 + Level 9.5 Fighting
 + Level 7.7 Short Blades
 + Level 4.0 Long Blades
 + Level 4.0 Axes
 + Level 4.0 Maces & Flails
 + Level 4.0 Polearms
 + Level 4.0 Staves
 + Level 4.0 Slings
 + Level 4.0 Bows
 + Level 4.0 Crossbows
 + Level 4.8 Throwing
 + Level 6.1 Armour
 + Level 4.0 Dodging
 + Level 4.0 Stealth
 + Level 4.0 Shields
 + Level 4.0 Unarmed Combat
 + Level 4.0 Spellcasting
 + Level 3.3 Conjurations
 + Level 3.3 Hexes
 + Level 3.3 Summonings
 + Level 3.3 Necromancy
 + Level 3.3 Translocations
 + Level 3.3 Transmutations
 + Level 3.3 Fire Magic
 + Level 3.3 Ice Magic
 + Level 3.3 Air Magic
 + Level 3.3 Earth Magic
 + Level 3.3 Poison Magic
 + Level 4.4 Invocations
 + Level 4.0 Evocations


You had 16 spell levels left.
You didn't know any spells.
Your spell library contained the following spells:

 Spells                   Type           Power      Damage    Failure   Level
 Blink                    Tloc           18%        N/A       17%         2
 Conjure Flame            Conj/Fire      9%         6-21      34%         3
 Ignite Poison            Fire/Tmut/Pois 9%         N/A       34%         3
 Sticky Flame             Conj/Fire      9%         2d3       75%         4
 Manifold Assault         Tloc           9%         N/A       97%         5
 Storm Form               Tmut/Air       4%         N/A       100%        7


Dungeon Overview and Level Annotations

Branches:
Dungeon (7/15)             Temple (1/1) D:4

Altars:
Ashenzari
Dithmenos
Fedhas
Gozag
Hepliaklqana
Kikubaaqudgha
Makhleb
Qazlal
Ru
Sif Muna
Trog
Uskayaw
Wu Jian
Xom
Zin
The Shining One

Shops:
D:6 (

Annotations:
D:5 Pikel


Innate Abilities, Weirdness & Mutations

Your life essence is reduced to manifest your ancestor. (-10% HP)
You have very sharp teeth.
Your uncanny sense of smell can sniff out nearby items.
Your experience applies equally to all skills.


Message History

You closely miss the vampire mosquito.
The vampire mosquito is moderately damaged.
The vampire mosquito bites you but does no damage.
Aylmer barely misses the vampire mosquito.
The vampire mosquito bites you.
* * * LOW HITPOINT WARNING * * *
The vampire mosquito draws strength from your injuries!
The vampire mosquito bites you but does no damage.
You hit the vampire mosquito.
The vampire mosquito is moderately damaged.
The vampire mosquito bites you but does no damage.
An orc comes into view. It is wielding a +0 dagger.
You slash the vampire mosquito!
You bite the vampire mosquito, but do no damage.
The vampire mosquito is severely damaged.
The vampire mosquito bites you.
* * * LOW HITPOINT WARNING * * *
The vampire mosquito draws strength from your injuries!
The vampire mosquito barely misses you.
You barely miss the vampire mosquito. You bite the vampire mosquito.
The vampire mosquito is severely damaged.
The vampire mosquito bites you.
* * * LOW HITPOINT WARNING * * *
The vampire mosquito draws strength from your injuries!
Aylmer hits the vampire mosquito but does no damage.
You closely miss the vampire mosquito. You bite the vampire mosquito.
The vampire mosquito is severely damaged.
The vampire mosquito barely misses you.
Aylmer closely misses the vampire mosquito.
The vampire mosquito bites you.
* * * LOW HITPOINT WARNING * * *
The vampire mosquito draws strength from your injuries!
You hit the vampire mosquito.
The vampire mosquito is severely damaged.
The vampire mosquito barely misses you.
Aylmer barely misses the vampire mosquito.
You barely miss the vampire mosquito.
The vampire mosquito is severely damaged.
The vampire mosquito bites you!
You die...

_≈≈.....<######## .. ##
≈≈≈.............# .# ...
≈≈........#####.. .##.##
§..........###### .....
####......†.†...# ...
#.......####R##.##
#.......# #......###..
#...........#y....o...
.............###@#####...
...#.......#.# #.# ..
#.......#..#..# .
#....!..##.#.## ###..####
.#. #.## .. .. ###


You could see the friendly Aylmer the ancestor, a vampire mosquito (ally target)
and an orc.

Vanquished Creatures
  A vampire mosquito (D:7)
  An ice beast (D:5)
  A sky beast (D:6)
  3 ogres
  3 lemures
  A phantom (D:6)
  A wyvern zombie (D:4)
  3 scorpions
  4 wights (D:6)
  A jelly (D:5)
  A centaur zombie (D:6)
  A centaur skeleton (D:5)
  An orc priest (D:3)
  4 hounds
  An iguana (D:3)
  Ijyb (D:4)
  Natasha (thrice) (D:4)
  An orc wizard (D:6)
  A hound zombie (D:4)
  6 adders
  An ufetubus (D:5)
  3 orcs (D:3)
  3 bats (D:1)
  7 endoplasms
  2 giant cockroaches
  7 goblins
  10 hobgoblins
  4 jackals (D:3)
  7 kobolds
  4 quokkas
  4 ball pythons
  5 frilled lizards
  9 rats
105 creatures vanquished.

Vanquished Creatures (collateral kills)
  A vampire mosquito (D:7)
  A black bear (D:6)
  2 ogres (D:6)
  A wight (D:6)
  An orc wizard (D:6)
  An orc (D:6)
7 creatures vanquished.

Vanquished Creatures (others)
  2 ancestors (D:6)
2 creatures vanquished.

Grand Total: 114 creatures vanquished

Notes
Turn   | Place    | Note
-------+----------+-------------------------------------------
     0 | D:1      | themarg the Gnoll Wanderer began the quest for the Orb.
     0 | D:1      | themarg set off with the following items: a +3 short sword,
                  | 14 poisoned darts, a +0 dagger, a +0 leather armour
     0 | D:1      | Reached XP level 1. HP: 26/26 MP: 1/1
   148 | D:1      | Reached XP level 2. HP: 33/33 MP: 2/2
   156 | D:1      | Found a faded altar of an unknown god.
   871 | D:2      | Reached XP level 3. HP: 38/38 MP: 3/3
  1060 | D:2      | Reached skill level 1 in Invocations
  1521 | D:3      | Reached skill level 1 in Long Blades
  1521 | D:3      | Reached skill level 1 in Axes
  1521 | D:3      | Reached skill level 1 in Maces & Flails
  1521 | D:3      | Reached skill level 1 in Polearms
  1521 | D:3      | Reached skill level 1 in Staves
  1521 | D:3      | Reached skill level 1 in Slings
  1521 | D:3      | Reached skill level 1 in Bows
  1521 | D:3      | Reached skill level 1 in Crossbows
  1521 | D:3      | Reached skill level 1 in Dodging
  1521 | D:3      | Reached skill level 1 in Stealth
  1521 | D:3      | Reached skill level 1 in Shields
  1521 | D:3      | Reached skill level 1 in Unarmed Combat
  1521 | D:3      | Reached skill level 1 in Spellcasting
  1521 | D:3      | Reached skill level 1 in Evocations
  1669 | D:3      | Reached XP level 4. HP: 45/45 MP: 5/5
  1920 | D:3      | Reached skill level 1 in Conjurations
  1920 | D:3      | Reached skill level 1 in Hexes
  1920 | D:3      | Reached skill level 1 in Summonings
  1920 | D:3      | Reached skill level 1 in Necromancy
  1920 | D:3      | Reached skill level 1 in Translocations
  1920 | D:3      | Reached skill level 1 in Transmutations
  1920 | D:3      | Reached skill level 1 in Fire Magic
  1920 | D:3      | Reached skill level 1 in Ice Magic
  1920 | D:3      | Reached skill level 1 in Air Magic
  1920 | D:3      | Reached skill level 1 in Earth Magic
  1920 | D:3      | Reached skill level 1 in Poison Magic
  2006 | D:3      | Found a burning altar of Makhleb.
  2008 | D:3      | Noticed a green death
  2167 | D:3      | Noticed a scorpion
  2179 | D:3      | Killed a scorpion
  2180 | D:3      | Reached XP level 5. HP: 36/51 MP: 5/7
  3472 | D:4      | Reached XP level 6. HP: 37/57 MP: 8/8
  3602 | D:4      | Reached skill level 5 in Armour
  3656 | D:4      | Found an ancient bone altar of Kikubaaqudgha.
  3737 | D:4      | Noticed Natasha
  3752 | D:4      | Killed Natasha
  3825 | D:4      | Noticed Natasha
  3832 | D:4      | Killed Natasha
  3875 | D:4      | Reached XP level 7. HP: 62/63 MP: 10/10
  3966 | D:4      | Found a staircase to the Ecumenical Temple.
  3976 | Temple   | Entered the Ecumenical Temple
  3995 | Temple   | Became a worshipper of Hepliaklqana the Forgotten
  4255 | D:4      | Noticed Ijyb
  4285 | D:4      | Killed Ijyb
  4436 | D:4      | Found a broken altar of Ashenzari.
  4580 | D:4      | Noticed Natasha
  4593 | D:4      | Killed Natasha
  5227 | D:5      | Entered Level 5 of the Dungeon
  5359 | D:5      | Reached skill level 9 in Fighting
  5775 | D:5      | Noticed Pikel
  5787 | D:5      | Reached XP level 8. HP: 69/71 MP: 12/12
  6512 | D:6      | Found Xyev's Antique Weapon Boutique.
  6696 | D:6      | Bought an encrusted falchion for 232 gold pieces
  6696 | D:6      | Identified the +5 falchion of Wu Jian's Generosity {vorpal,
                  | Fragile Dex+7} (You bought it in a shop on level 6 of the
                  | Dungeon)
  6760 | D:6      | Reached * piety under Hepliaklqana
  7647 | D:6      | Reached XP level 9. HP: 64/66 MP: 14/14
  7864 | D:6      | Found a glowing golden altar of the Shining One.
  7886 | D:7      | Found a shimmering blue altar of Sif Muna.
  7933 | D:7      | HP: 3/69 [vampire mosquito (2)]
  7937 | D:7      | Mangled by a vampire mosquito

Illustrated notes

Levels and vault maps discovered:
D:1:      dpeg_arrival_round_a, layout_loops_ring,
          hellmonk_ecumenical_altar_pennies_from_heaven
D:2:      layout_basic, interstate_on_off
D:3:      minmay_skewed_foursquare, layout_basic, makhleb_altar_promises_db,
          grunt_decor_fettered
D:4:      layout_loops_cross, nicolae_kikubaaqudgha_miasma_corner,
          mainiacjoe_overflow_24_doors, minmay_temple_entry_glassed_door,
          uniq_natasha, uniq_ijyb
D:5:      layout_rooms, general_overflow_altar, uniq_pikel
D:6:      layout_cave_pools, tso_oasis_becter, serial_shops,
          nicolae_stop_n_shop_1
D:7:      layout_rooms, mainiacjoe_overflow_catwalk, kennysheep_slug_shrine
Temple:   minmay_temple_curvy_loop

Skill      XL: |  1  2  3  4  5  6  7  8  9 |
---------------+----------------------------+-----
Invocations    | 1 2 3 4 |  4.4
Long Blades    | 1 2 3 4 |  4.0
Axes           | 1 2 3 4 |  4.0
Maces & Flails | 1 2 3 4 |  4.0
Polearms       | 1 2 3 4 |  4.0
Staves         | 1 2 3 4 |  4.0
Slings         | 1 2 3 4 |  4.0
Bows           | 1 2 3 4 |  4.0
Crossbows      | 1 2 3 4 |  4.0
Dodging        | 1 2 3 4 |  4.0
Stealth        | 1 2 3 4 |  4.0
Shields        | 1 2 3 4 |  4.0
Unarmed Combat | 1 2 3 4 |  4.0
Spellcasting   | 1 2 3 4 |  4.0
Evocations     | 1 2 3 4 |  4.0
Conjurations   | 1 2 3 |  3.3
Hexes          | 1 2 3 |  3.3
Summonings     | 1 2 3 |  3.3
Necromancy     | 1 2 3 |  3.3
Translocations | 1 2 3 |  3.3
Transmutations | 1 2 3 |  3.3
Fire Magic     | 1 2 3 |  3.3
Ice Magic      | 1 2 3 |  3.3
Air Magic      | 1 2 3 |  3.3
Earth Magic    | 1 2 3 |  3.3
Poison Magic   | 1 2 3 |  3.3
Throwing       | 3 4 |  4.8
Armour         | 5 6 |  6.1
Short Blades   | 7 |  7.7
Fighting       | 9 |  9.5

Action                   |  1- 3 |  4- 6 |  7- 9 || total
-------------------------+-------+-------+-------++-------
Melee: Short sword       |    96 |   124 |   220 ||   440
       Bite              |     5 |    12 |    41 ||    58
       Punch             |       |     1 |     5 ||     6
       Falchion          |       |       |    68 ||    68
  Use: Potion            |       |       |     3 ||     3
       Scroll            |       |       |     1 ||     1
Armor: Leather armour    |     9 |       |       ||     9
       Ring mail         |    14 |    42 |   104 ||   160
Dodge: Dodged            |    37 |    52 |   118 ||   207
